 Dungeon Crawl Stone Soup version 0.22.1-1-ga44c0e5 (webtiles) character file.

8192 schauveau the Cleaver (level 11, -2/72 HPs)
             Began as a Gargoyle Fighter on Sept 28, 2018.
             Was a Priest of Okawaru.
             Slain by Snorg (20 damage)
             ... on level 10 of the Dungeon.
             The game lasted 00:16:58 (8046 turns).

schauveau the Cleaver (Gargoyle Fighter)            Turns: 8046, Time: 00:16:59

Health: -2/72      AC: 27    Str: 23    XL:     11   Next: 27%
Magic:  11/11      EV:  7    Int:  9    God:    Okawaru [***...]
Gold:   331        SH:  0    Dex: 17    Spells: 10/10 levels left

rFire    . . .     SeeInvis .   o - +8 war axe "Raacie Azev" {venom, rN+ Dex+3}
rCold    . . .     Gourm    .   (no shield)
rNeg     + + .     Faith    .   y - +0 plate armour
rPois    ∞         Spirit   .   h - +1 hat {MR+}
rElec    +         Reflect  .   C - +0 cloak {+Inv}
rCorr    .         Harm     .   z - +0 pair of gloves
MR       +....                  (no boots)
Stlth    ..........             (no amulet)
HPRegen  0.22/turn              r - +5 ring of dexterity
MPRegen  0.12/turn              G - +1 ring of protection

@: about to teleport
A: negative energy resistance 1, electricity resistance, unbreathing,
petrification resistance, rot immunity, AC +8
a: Heroism, Renounce Religion, Evoke Invisibility


You were on level 10 of the Dungeon.
You worshipped Okawaru.
Okawaru was most pleased with you.
You were not hungry.

You visited 2 branches of the dungeon, and saw 11 of its levels.

You collected 540 gold pieces.
You spent 209 gold pieces at shops.

Inventory:

Hand Weapons
 a - a +1 flail
 e - a +0 hunting sling
 o - the +8 war axe "Raacie Azev" (weapon) {venom, rN+ Dex+3}
   (You found it on level 4 of the Dungeon)

   It poisons the flesh of those it strikes.
   It affects your dexterity (+3).
   It protects you from negative energy.
 L - a +0 dire flail
Missiles
 l - 3 throwing nets (quivered)
 q - 11 tomahawks
 I - 11 bolts
Armour
 h - a +1 hat of magic resistance (worn)
 y - a +0 plate armour (worn)
 z - a +0 pair of gloves (worn)
 C - a +0 cloak of invisibility (worn)
Jewellery
 r - a +5 ring of dexterity (left hand)
 D - an uncursed ring of stealth
 G - a +1 ring of protection (right hand)
Wands
 k - a wand of iceblast (7)
 A - a wand of flame (42)
 K - a wand of random effects (11)
Scrolls
 c - 4 scrolls of identify
 i - 2 scrolls of amnesia
 u - 2 scrolls of remove curse
 w - a scroll of fog
 E - 2 scrolls of magic mapping
 F - a scroll of fear
 H - a scroll of enchant weapon
 J - 2 scrolls of teleportation
Potions
 b - a potion of mutation
 d - 2 potions of haste
 g - a potion of lignification
 j - 8 potions of curing
 m - 2 potions of degeneration
 p - a potion of resistance
 s - 2 potions of brilliance
 t - 3 potions of flight
 v - a potion of agility {unknown}
 x - 2 potions of magic
 B - 3 potions of might
Comestibles
 f - 9 rations
 M - a chunk of flesh


   Skills:
 + Level 10.0 Fighting
 * Level 10.8(10.9) Axes
 - Level 3.3(8.3) Maces & Flails
 + Level 9.9 Armour
   Level 3.2 Shields


You had 10 spell levels left.
You didn't know any spells.
Your spell library contained the following spells:

 Spells                   Type           Power        Failure   Level  Hunger
 Corona                   Hex            #......      99%         1    ##.....
 Slow                     Hex            #.......     100%        2    ###....
 Inner Flame              Hex/Fire       #.......     100%        3    ####...
 Portal Projectile        Hex/Tloc       #.....       100%        3    ####...
 Cause Fear               Hex            #.........   100%        4    #####..
 Leda's Liquefaction      Hex/Erth       #.........   100%        4    #####..


Dungeon Overview and Level Annotations

Branches:
Dungeon (10/15)            Temple (1/1) D:7
   Lair: D:8-11         Orc: D:9-12

Altars:
Cheibriados
Dithmenos
Fedhas
Hepliaklqana
Kikubaaqudgha
Okawaru
Ru
Trog
Vehumet
Wu Jian
Xom
Zin

Shops:
D:10 ?

Annotations:
D:10 Snorg


Innate Abilities, Weirdness & Mutations

You are resistant to torment.
Your stone body is resilient. (AC +8)
You are immune to poison.
You resist negative energy. (rN+)
You are resistant to electric shocks. (rElec)
You can survive without breathing.
You are immune to petrification.
You are immune to rotting.


Message History

* * * LOW HITPOINT WARNING * * *
Snorg closely misses you.
As you read the scroll of fear, it crumbles to dust.
You assume a fearsome visage.
Snorg bites you but does no damage. Snorg claws you.
* * * LOW HITPOINT WARNING * * *
Snorg claws you!
* * * LOW HITPOINT WARNING * * *
Snorg bites you but does no damage. Snorg claws you.
* * * LOW HITPOINT WARNING * * *
Snorg claws you.
* * * LOW HITPOINT WARNING * * *
You feel much better. Snorg bites you!
* * * LOW HITPOINT WARNING * * *
Snorg barely misses you. Snorg claws you but does no damage.
Snorg bites you but does no damage. Snorg claws you but does no damage. x2
Snorg rages.
As you read the scroll of teleportation, it crumbles to dust.
You feel strangely unstable. Snorg bites you!!
You die...

##### #.# .. ....#
#.# .# ###.# #.# .#
###.##### #.#
####.##### .>......#
#.# #........#
.##.###.#####.##
#.##.###.#
.##.#.....##...###.#
..[
....#.#.#.#.....##.#
####
.####.#.........@T.#
.# #.###.###.######
.####.......#.#
.#...######.#.#
.....# #...# ##...#
#.∩.### ##.##
##.....##
###.######..#....#
.......)#.........#


You could see Snorg (berserk).

Vanquished Creatures
  Harold (D:7)
  2 two-headed ogres
  An unseen horror (D:10)
  Prince Ribbit (D:7)
  A hippogriff (D:10)
  3 yaks (D:9)
  A shadow (D:8)
  A hungry ghost (D:10)
  Menkaure (D:6)
  A water moccasin (D:10)
  Duvessa (D:7)
  4 ice beasts
  2 sky beasts
  A centaur (D:6)
  2 big kobolds
  Blork the orc (D:6)
  5 bullfrogs
  A gnoll sergeant (D:6)
  Dowan (D:7)
  2 scorpions
  5 wights (D:10)
  6 killer bees (D:10)
  4 electric eels (D:8)
  2 howler monkeys (D:7)
  2 crimson imps
  4 centaur zombies
  A quasit (D:8)
  A gnoll shaman (D:5)
  4 jellies
  Crazy Yiuf (D:2)
  3 orc priests (D:7)
  A bullfrog skeleton (D:7)
  6 hounds
  Jessica (D:3)
  3 iguanas
  2 orc wizards (D:9)
  7 worker ants
  A killer bee zombie (D:9)
  A hound zombie (D:5)
  3 hound skeletons
  27 gnolls
  A worker ant zombie (D:8)
  7 adders
  A shadow imp (D:6)
  2 oozes
  5 worms
  3 dart slugs (D:1)
  6 leopard geckos
  14 orcs
  A ball python (D:1)
  7 bats
  5 giant cockroaches
  5 goblins
  5 hobgoblins
  21 jackals
  3 quokkas
  5 frilled lizards
  12 kobolds
  A leopard gecko skeleton (D:7)
  6 rats
  A plant (D:8)
229 creatures vanquished.

Vanquished Creatures (others)
  A human (D:4)
  A plant (D:8)
2 creatures vanquished.

Grand Total: 231 creatures vanquished

Notes
Turn   | Place    | Note
-------+----------+-------------------------------------------
     0 | D:1      | schauveau the Gargoyle Fighter began the quest for the Orb.
     0 | D:1      | Reached XP level 1. HP: 14/14 MP: 1/1
   115 | D:1      | Reached XP level 2. HP: 14/19 MP: 2/2
   385 | D:3      | Reached XP level 3. HP: 23/24 MP: 3/3
   525 | D:4      | Found a hazy altar of Hepliaklqana.
   533 | D:4      | Found a sacrificial altar of Ru.
   567 | D:4      | Reached XP level 4. HP: 29/29 MP: 4/4
   583 | D:4      | Got a brightly glowing war axe
   588 | D:4      | Identified the +8 war axe "Raacie Azev" {venom, rN+ Dex+3}
                  | (You found it on level 4 of the Dungeon)
   598 | D:4      | Found an ancient bone altar of Kikubaaqudgha.
   598 | D:4      | Noticed a human
   601 | D:4      | Killed a human
   670 | D:5      | Entered Level 5 of the Dungeon
   840 | D:4      | Reached skill level 1 in Axes
   840 | D:4      | Reached XP level 5. HP: 33/33 MP: 5/5
   947 | D:4      | You fall through a shaft for 2 floors!
   947 | D:6      | Noticed an ice beast
   955 | D:6      | Killed an ice beast
   963 | D:6      | Reached XP level 6. HP: 27/39 MP: 6/6
   994 | D:6      | Noticed Blork the orc
  1008 | D:6      | Killed Blork the orc
  1008 | D:6      | Reached skill level 5 in Fighting
  1010 | D:6      | Reached skill level 5 in Armour
  1026 | D:6      | Reached XP level 7. HP: 20/44 MP: 7/7
  1098 | D:6      | Noticed Menkaure
  1107 | D:6      | Killed Menkaure
  1665 | D:4      | Found a shimmering altar of Xom.
  2163 | D:5      | Reached XP level 8. HP: 51/51 MP: 8/8
  2459 | D:6      | Reached skill level 5 in Axes
  2695 | D:7      | Noticed Prince Ribbit
  2708 | D:7      | Killed Prince Ribbit
  2789 | D:7      | Noticed Dowan
  2790 | D:7      | Noticed Duvessa
  2798 | D:7      | Killed Duvessa
  2802 | D:7      | Killed Dowan
  2975 | D:7      | Reached XP level 9. HP: 56/56 MP: 9/9
  2988 | D:7      | Noticed Harold
  3002 | D:7      | Killed Harold
  3282 | D:7      | Found a staircase to the Ecumenical Temple.
  3396 | Temple   | Entered the Ecumenical Temple
  3421 | Temple   | Became a worshipper of Warmaster Okawaru
  4473 | D:2      | Found a runed door.
  4609 | D:2      | You fall through a shaft for 2 floors!
  4760 | D:2      | Noticed Crazy Yiuf
  4763 | D:2      | Killed Crazy Yiuf
  5053 | D:3      | Noticed Jessica
  5057 | D:3      | Killed Jessica
  5916 | D:8      | Reached XP level 10. HP: 41/64 MP: 10/10
  6652 | D:9      | Reached * piety under Okawaru
  6667 | D:9      | Found a blossoming altar of Fedhas.
  6961 | D:9      | Noticed a two-headed ogre
  6975 | D:9      | Killed a two-headed ogre
  7471 | D:10     | Entered Level 10 of the Dungeon
  7536 | D:10     | Killed an unseen horror
  7536 | D:10     | Reached ** piety under Okawaru
  7536 | D:10     | Reached skill level 10 in Axes
  7711 | D:10     | Reached XP level 11. HP: 53/71 MP: 11/11
  7720 | D:10     | Reached *** piety under Okawaru
  7914 | D:10     | Found Ybuimos's Magic Scroll Shoppe.
  7938 | D:10     | Bought a scroll of fog for 30 gold pieces
  7938 | D:10     | Bought a scroll of remove curse for 45 gold pieces
  7938 | D:10     | Bought a scroll of identify for 30 gold pieces
  7938 | D:10     | Bought a scroll of magic mapping for 52 gold pieces
  7938 | D:10     | Bought a scroll of fear for 52 gold pieces
  7978 | D:10     | Noticed a two-headed ogre
  7989 | D:10     | Killed a two-headed ogre
  7989 | D:10     | Reached skill level 10 in Fighting
  8030 | D:10     | Noticed Snorg
  8042 | D:10     | HP: 3/72 [Snorg (5)]
  8042 | D:10     | HP: 1/72 [Snorg (2)]
  8046 | D:10     | Slain by Snorg

Skill      XL: |  1  2  3  4  5  6  7  8  9 10 11 |
---------------+----------------------------------+-----
Maces & Flails | 3 |  3.3
Fighting       | 4 5 6 8 9 10 | 10.0
Armour         | 4 5 6 8 9 |  9.9
Axes           | 1 2 3 4 6 8 10 | 10.8
Shields        | |  3.2

Action                   |  1- 3 |  4- 6 |  7- 9 | 10-12 || total
-------------------------+-------+-------+-------+-------++-------
Melee: Flail             |    89 |    10 |       |       ||    99
       War axe           |       |    47 |   219 |   190 ||   456
  Use: Scroll            |       |     1 |    18 |     3 ||    22
       Potion            |       |       |     1 |     3 ||     4
  Eat: Chunk             |       |       |    15 |     4 ||    19
       Ration            |       |       |     1 |     1 ||     2
Armor: Scale mail        |    83 |    37 |   147 |       ||   267
       Plate armour      |       |       |     7 |   195 ||   202
Dodge: Dodged            |    72 |    26 |   110 |    71 ||   279
